AoeStats
← KDA HDT

Fortress

509284913Analyzed
4v4 RM · 7d ago on Sep 26, 2026· 22m 18s· 8 players
Game mode
Random Map
Map size
Huge
Population
200
Speed
Normal
Resources
Standard
Victory
Conquest
Starting age
Dark Age
Ending age
Imperial Age
RankedLock teamsTeams togetherTeam positionsShared explorationLock speedFull tech treeHidden civsTurbo modeCheats
Victory
Defeat
🇻🇳 Koreans · Vietnam
1935
+10
🇭🇰 Spanish · Hong Kong SAR China
1815
+14
🇧🇷 Lithuanians · Brazil
1766
+16
🇻🇳 Vietnamese · Vietnam
1758
+16
🇨🇳 Burgundians · China
1802
-15
🇨🇳 Cumans · China
1782
-14
🇭🇰 Malians · Hong Kong SAR China
1775
-14
🇨🇳 Dravidians · China
1753
-13
PeAcE mE
6:58 Feudal Age
11:08 Castle Age
9:13 Horse Collar
10:03 Double-Bit Axe
11:31 Loom
15:22 Bow Saw
19:47 Wheelbarrow
20:09 Heavy Plow
20:59 Hand Cart
21:48 Stone Mining
Random Civ Pocket
7:29 Feudal Age
11:06 Castle Age
9:14 Double-Bit Axe
9:36 Horse Collar
12:01 Bow Saw
11:58 Loom
12:04 Loom
13:31 Padded Archer Armor
20:08 Leather Archer Armor
21:26 Bloodlines
KDA HDT
7:43 Feudal Age
11:28 Castle Age
9:43 Double-Bit Axe
10:06 Horse Collar
12:28 Bow Saw
12:20 Heavy Plow
18:18 Wheelbarrow
19:01 Gold Mining
20:12 Hand Cart
20:27 Loom
20:40 Stone Mining
24:30 Imperial Age
22:06 Fletching
22:36 Scale Barding Armor
saymynameBook
6:35 Feudal Age
10:29 Castle Age
9:39 Double-Bit Axe
9:40 Horse Collar
12:11 Bow Saw
16:52 Heavy Plow
18:47 Wheelbarrow
17:58 Loom
18:23 Gold Mining
23:10 Imperial Age
20:48 Stone Mining
21:10 Fletching
22:20 Gold Shaft Mining
22:13 Bodkin Arrow
香香瓜子壳
6:51 Feudal Age
10:49 Castle Age
9:08 Double-Bit Axe
9:14 Horse Collar
11:55 Bow Saw
15:43 Wheelbarrow
25:23 Imperial Age
22:39 Loom
III
6:30 Feudal Age
7:37 Feudal Age
8:19 Double-Bit Axe
11:18 Castle Age
9:19 Horse Collar
12:16 Bow Saw
15:48 Loom
16:28 Fletching
16:48 Forging
18:02 Bodkin Arrow
20:41 Bloodlines
22:19 Ballistics
21:56 Town Watch
22:46 Wheelbarrow
胖子事情多
7:08 Feudal Age
10:48 Castle Age
9:10 Double-Bit Axe
9:24 Horse Collar
10:29 Bow Saw
20:08 Wheelbarrow
21:36 Two-Man Saw
20:33 Gold Mining
21:49 Hand Cart
21:47 Heavy Plow
幾花丹色™
7:11 Feudal Age
10:53 Castle Age
8:53 Double-Bit Axe
9:45 Horse Collar
12:07 Bow Saw
17:26 Wheelbarrow
19:40 Loom
23:42 Imperial Age
21:12 Elite Skirmisher
21:52 Fletching
Connection lost

Rejoining the realm…

Still unreachable

The connection could not be restored.

Session expired

The server has moved on; the page needs a fresh start.